[Event "Late-Titled-Tuesday-Blitz-May-28-2024"]
[Site "Chess.com"]
[Date "2024.05.28"]
[Round "1"]
[White "shrek4life02"]
[Black "TheAlienParty"]
[Result "1-0"]
[WhiteElo "2662"]
[BlackElo "2376"]
[TimeControl "180+1"]
[EndTime "14:07:03 PDT"]
[Termination "shrek4life02 won on time"]

1. e4 e5 2. Bc4 Nf6 3. d3 Nc6 4. Nc3 Bc5 5. Nge2 h6 6. Be3 Bxe3 7. fxe3 Na5 8. Bb3 Nxb3 9. axb3 d6 10. O-O a6 11.
Ng3 Bg4 12. Qd2 O-O 13. Rf2 c6 14. Raf1 b5 15. Nf5 Bxf5 16. Rxf5 Qe7 17. Qf2 Nh7 18.
Ne2 d5 19. Ng3 g6 20. Rf3 Ra7 21. Qd2 dxe4 22. Nxe4 f5 23. Nc3 Ng5 24. R3f2 e4 25. d4 h5 26. Ne2 Nh7 27. Nf4 Kg7 28. c4 Nf6 29. Qc3 Kh6 30. h3 b4 31. Qd2 a5 32.
Ra1 Rfa8 33. Ra4 Nd7 34. Rf1 Nb6 35. Ra2 a4 36. c5 Nd5 37. Nxd5 cxd5 38. Qxb4 axb3 39.
Rxa7 Rxa7 40. Qxb3 Qd7 41. Rc1 Qc6 42. Qb6 Qxb6 43. cxb6 Rb7 44. Rc6 h4 45. Kf2 Kg5 46. g3 hxg3+ 47. Kxg3 Rb8 48. h4+ Kh5 49. Rc7 Kh6 50.
b7 f4+ 51. Kxf4 Rf8+ 52. Ke5 Kh5 53. Rc8 Rf5+ 54. Kd6 Kxh4 55. Rh8+ Kg3 56. b8=Q Kf3 57. Rh3+ Ke2 58. Qb5+ Kd2 59. Qb4+ 1-0

[Event "Late-Titled-Tuesday-Blitz-May-28-2024"]
[Site "Chess.com"]
[Date "2024.05.28"]
[Round "1"]
[White "chegueps"]
[Black "semchik90"]
[Result "1-0"]
[WhiteElo "2722"]
[BlackElo "2421"]
[TimeControl "180+1"]
[EndTime "14:07:06 PDT"]
[Termination "chegueps won by resignation"]

1. e4 Nf6 2. e5 Nd5 3. c4 Nb6 4. d4 d6 5. exd6 cxd6 6. Nc3 g6 7. a4 a5 8. c5 N6d7 9. cxd6 exd6 10. Qe2+ Qe7 11.
Be3 Nf6 12. Qb5+ Nbd7 13. Nf3 Bg7 14. O-O-O O-O 15. Bd3 Ra6 16. Rhe1 Rb6 17. Qxa5 Qd8 18. d5 Nc5 19. Bc4 Ra6 20. Qxd8 Rxd8 21. Bxa6 Nxa6 22. Bd4 Bf5 23. b3 Nb4 24. Re3 Nfxd5 25. Nxd5 Nxd5 26. Ree1 Rc8+ 27. Kb2 Rc2+ 28. Ka3 Bf8 29. Re8 Nc7 30. Rd8 d5+ 31. b4 Ne6 32. Rb8 Nxd4 33. Nxd4 Bg4 34.
Nxc2 Bxd1 35. Ne3 Be2 36. Nxd5 Kg7 37. Rxb7 Bd6 38. a5 Bc4 39. Nb6 Bb5 40. Na4 Ba6 41.
Rb6 Bxh2 42. Rxa6 1-0

[Event "Late-Titled-Tuesday-Blitz-May-28-2024"]
[Site "Chess.com"]
[Date "2024.05.28"]
[Round "1"]
[White "Kostukov_Alex"]
[Black "lamomiablanca"]
[Result "1-0"]
[WhiteElo "2379"]
[BlackElo "2639"]
[TimeControl "180+1"]
[EndTime "14:07:07 PDT"]
[Termination "Kostukov_Alex won by checkmate"]

1. g3 Nf6 2. Bg2 g6 3. c4 Bg7 4.
Nf3 O-O 5. O-O d6 6. d4 Nbd7 7. Nc3 e5 8. h3 Re8 9. e4 a6 10. Re1 Rb8 11. a4 a5 12. b3 b6 13. Bb2 Bb7 14.
Nd5 exd4 15. Nxd4 Nc5 16. Nb5 Rc8 17. Qc2 Bxd5 18. exd5 Qd7 19. Bd4 Re2 20. Rxe2 Ne8 21. Rae1 Bxd4 22. Nxd4 Nf6 23. Nc6 Re8 24. Re7 Rxe7 25.
Rxe7 Qc8 26. Kh2 Kg7 27. Qc3 Nd7 28. g4 h6 29. h4 g5 30. hxg5 hxg5 31. f4 Qh8+ 32. Kg1 Qh4 33. fxg5 Qxg5 34. Rxd7 Kg6 35. Ne7+ Kh6 36. Nf5+ Kg6 37. Qd3 Qc1+ 38. Bf1 Kg5 39. Qe3+ Qxe3+ 40. Nxe3 Kf4 41. Kf2 Ne4+ 42. Ke2 Nc3+ 43.
Kd3 Na2 44. Rxf7+ Kg3 45. Rxc7 Nb4+ 46. Kd2 Na6 47. Rd7 Nc5 48. Re7 Nxb3+ 49. Kc3 Nc5 50. g5 Nxa4+ 51. Kd4 Nc5 52. g6 Nb3+ 53. Kc3 Nc5 54.
g7 Ne4+ 55. Rxe4 a4 56. g8=Q+ Kf2 57. Kd4 a3 58. Qg2+ Ke1 59. Qe2# 1-0

[Event "Late-Titled-Tuesday-Blitz-May-28-2024"]
[Site "Chess.com"]
[Date "2024.05.28"]
[Round "1"]
[White "slorovel"]
[Black "JanMur7"]
[Result "1-0"]
[WhiteElo "2598"]
[BlackElo "2280"]
[TimeControl "180+1"]
[EndTime "14:07:07 PDT"]
[Termination "slorovel won by checkmate"]

1. e4 g6 2. d4 Bg7 3. Nc3 c5 4. dxc5 Bxc3+ 5. bxc3 Nf6 6. Bd3 Qa5 7. Ne2 Qxc5 8. O-O O-O 9. Be3 Qc7 10. h3 d6 11. a4 Nc6 12. f4 Bd7 13. Nd4 Na5 14. Nb3 Nxb3 15. cxb3 Qxc3 16. Rc1 Qb4 17. Rc4 Qa5 18. Bd4 Be6 19. Rc1 Qb4 20. Bc2 Rac8 21. f5 Bd7 22. Kh1 Nh5 23. Kh2 e5 24. fxe6 Bxe6 25.
Ba1 Qa5 26. Rf5 Bxf5 27. exf5 f6 28. fxg6 hxg6 29. Bxg6 Rxc1 30. Qxc1 Ng7 31. Qh6 Rd8 32. Qh7+ Kf8 33. Bxf6 Qc5 34. Qxg7# 1-0

[Event "Late-Titled-Tuesday-Blitz-May-28-2024"]
[Site "Chess.com"]
[Date "2024.05.28"]
[Round "1"]
[White "Karttunen"]
[Black "unbreakablepawn35"]
[Result "1-0"]
[WhiteElo "2649"]
[BlackElo "2358"]
[TimeControl "180+1"]
[EndTime "14:07:08 PDT"]
[Termination "Karttunen won by resignation"]

1. e4 d5 2. exd5 Qxd5 3. Nc3 Qd8 4. d4 Nf6 5. Nf3 g6 6. Bc4 Bg7 7. Ne5 O-O 8. Be3 a6 9. a4 e6 10. h4 Nbd7 11. f4 Nxe5 12. fxe5 Nd5 13. Bg5 f6 14.
exf6 Bxf6 15. Ne4 Bxg5 16. hxg5 Qe7 17. Qe2 Rf7 18. O-O-O Bd7 19. Rde1 Nf4 20. Qd2 Raf8 21. Nf6+ Rxf6 22. gxf6 Qxf6 23. Rhf1 Qh4 24. Kb1 g5 25. g3 Qxg3 26. Rg1 Qh4 27. Rh1 Qg4 28. Reg1 Qf5 29.
Rh5 Nxh5 30. Rxg5+ Ng7 31. Rxf5 Rxf5 32. d5 exd5 33.
Bxd5+ Kf8 34. Bxb7 Be6 35. b3 Nh5 36. Qd8+ Kf7 37.
Qxc7+ Kf6 38. Qxh7 Nf4 39. Qh8+ Kf7 40. Bxa6 Nd5 41.
Bc4 Ne7 42. Qh7+ Kf6 43. Qh6+ Ng6 44. Bxe6 Rf1+ 45. Kb2 1-0

[Event "Late-Titled-Tuesday-Blitz-May-28-2024"]
[Site "Chess.com"]
[Date "2024.05.28"]
[Round "1"]
[White "MikeSailer"]
[Black "Bilan_Danila"]
[Result "0-1"]
[WhiteElo "2113"]
[BlackElo "2551"]
[TimeControl "180+1"]
[EndTime "14:07:08 PDT"]
[Termination "Bilan_Danila won by resignation"]

1. d4 d5 2. Bf4 Nf6 3. e3 c5 4. Nf3 Nc6 5. c3 Bg4 6. Be2 e6 7.
O-O Bd6 8. Bg3 Ne4 9. Nbd2 Nxg3 10. hxg3 O-O 11. dxc5 Bxc5 12. b4 Be7 13. a3 Rc8 14. Rc1 a6 15. c4 Bf6 16. c5 Bb2 17. Rb1 Bxa3 18. Qa4 Bxb4 19. Rxb4 Nxb4 20. Qxb4 Bxf3 21. Nxf3 Qe7 22. Rc1 Rc7 23. Nd4 Rfc8 24. Nb3 g6 25. Ra1 Qf6 26. Rb1 h5 27. Qb6 Qe7 28. Rc1 Rc6 29. Qb4 b6 30. Bxa6 bxc5 31. Qb5 R8c7 32. Qb8+ Kg7 33. Bb5 Rc8 34. Qa7 Qxa7 0-1

[Event "Late-Titled-Tuesday-Blitz-May-28-2024"]
[Site "Chess.com"]
[Date "2024.05.28"]
[Round "1"]
[White "Nf3c5"]
[Black "Connectedcloud"]
[Result "1-0"]
[WhiteElo "2571"]
[BlackElo "2212"]
[TimeControl "180+1"]
[EndTime "14:07:09 PDT"]
[Termination "Nf3c5 won by resignation"]

1. e4 e5 2. Nf3 Nc6 3. Nc3 Nf6 4. h3 Bc5 5. Nxe5 Nxe5 6. d4 Bd6 7. dxe5 Bxe5 8.
Bd3 O-O 9. O-O Re8 10. Nb5 c6 11. f4 Bb8 12. Nc3 d5 13. e5 d4 14. Ne2 Nd7 15. Ng3 Nf8 16. Nh5 c5 17. Qf3 Ng6 18. Qg3 Bd7 19. Bd2 Bc6 20. Rae1 b5 21. f5 Bxe5 22. Rxe5 Rxe5 23. fxg6 Rxh5 24. gxf7+ Kf8 25. Bf4 Rd5 26. Be4 Ke7 27. Bxd5 Qxd5 28. Bd6+ Qxd6 29. f8=Q+ Rxf8 30. Qxd6+ Kxd6 31. Rxf8 c4 32. Kf2 Be4 33. c3 dxc3 34. bxc3 Kc5 35. a3 a5 36. Rc8+ Bc6 37. g3 g6 38. Ke3 Kd5 39. Rh8 b4 40. cxb4 axb4 41. axb4 Bb5 42. Rxh7 c3 43. Rc7 Bc6 44. Kd3 Kd6 45. Rxc6+ 1-0

[Event "Late-Titled-Tuesday-Blitz-May-28-2024"]
[Site "Chess.com"]
[Date "2024.05.28"]
[Round "1"]
[White "OIAM03"]
[Black "CDOEspiao"]
[Result "0-1"]
[WhiteElo "2031"]
[BlackElo "2545"]
[TimeControl "180+1"]
[EndTime "14:07:09 PDT"]
[Termination "CDOEspiao won on time"]

1. e4 c5 2. c3 Nf6 3. e5 Nd5 4.
d4 cxd4 5. Nf3 e6 6. cxd4 b6 7. Bc4 Bb7 8. O-O d6 9. Nc3 dxe5 10. Nxe5 Nxc3 11. bxc3 Be7 12. Qa4+ Kf8 13. Bf4 h5 14. Rfd1 g5 15. Be3 Kg7 16. Qc2 Bf6 17. Nd3 Nc6 18.
f4 Rc8 19. Qf2 g4 20. Bb3 h4 21. f5 Na5 22. fxe6 Nxb3 23. axb3 fxe6 24. Nf4 Qd7 25.
Qc2 Qf7 26. d5 Rxc3 27. Qe4 exd5 28. Ne6+ Kg8 29. Qxg4+ Bg7 30. Bd4 Rc6 31. Bxg7 Rxe6 32. Bxh8+ Rg6 33. Qxh4 d4 34. Qd8+ Kh7 35. g3 Qf3 36.
Qh4+ Kg8 37. Qd8+ Kh7 38. Qh4+ Rh6 39. Qe7+ Kxh8 40. Qe5+ Rf6 41. Qe8+ Kg7 42. Qe7+ Rf7 43. Qg5+ Kf8 44. Qd8+ Kg7 45. Qg5+ Kh7 46. Qh4+ Kg6 0-1

[Event "Late-Titled-Tuesday-Blitz-May-28-2024"]
[Site "Chess.com"]
[Date "2024.05.28"]
[Round "1"]
[White "Chessdemon2019"]
[Black "zimmm36"]
[Result "0-1"]
[WhiteElo "2440"]
[BlackElo "2771"]
[TimeControl "180+1"]
[EndTime "14:07:10 PDT"]
[Termination "zimmm36 won by resignation"]

1. e4 a6 2. d4 e6 3. Nf3 h6 4. Bd3 d5 5. e5 c5 6. c3 Nc6 7.
O-O Nge7 8. a3 c4 9. Bc2 Bd7 10. Nbd2 Na5 11. Rb1 Qc7 12. Qe2 Nc8 13. Re1 Be7 14.
Nf1 Nb6 15. Ng3 g6 16. h4 Nb3 17. h5 g5 18. Nh2 O-O-O 19. Ng4 Kb8 20. Nf1 Na4 21. Nd2 Qb6 22. Nxb3 cxb3 23. Bd3 Bb5 24. Bxb5 axb5 25. Qd1 Qc6 26. Qxb3 Nb6 27. Qd1 Rc8 28. Qf3 Rcf8 29. Re2 Ka7 30. Rc2 Nd7 31. b3 f5 32.
exf6 Bxf6 33. Qe2 Bg7 34. Ra1 Nb6 35. Be3 Rc8 36. a4 bxa4 37. c4 dxc4 38. bxc4 Kb8 39. Rac1 Rhd8 40. Qd2 Qe4 41. d5 Nxc4 42. Qb4 exd5 43.
Rb1 d4 44. f3 Qd5 45. Bf2 Bf8 46. Bg3+ Bd6 47. Bxd6+ Rxd6 48. Nf2 Rb6 49. Rxc4 Rxb4 50. Rcxb4 d3 51. Ne4 d2 52. Rd1 Rc1 53. Rb1 Rxb1 54.
Rxb1 d1=Q+ 0-1

[Event "Late-Titled-Tuesday-Blitz-May-28-2024"]
[Site "Chess.com"]
[Date "2024.05.28"]
[Round "1"]
[White "Dacean99"]
[Black "NowInChess"]
[Result "1-0"]
[WhiteElo "2573"]
[BlackElo "2226"]
[TimeControl "180+1"]
[EndTime "14:07:10 PDT"]
[Termination "Dacean99 won on time"]

1. e4 e6 2. d4 d5 3. Nc3 Nc6 4. Nf3 Nf6 5. e5 Ne4 6. Bd3 Bb4 7. Bd2 Nxd2 8. Qxd2 f6 9. exf6 Qxf6 10. O-O O-O 11. a3 Bxc3 12. Qxc3 Bd7 13. Ne5 Be8 14. Rae1 Rc8 15.
Qc5 b6 16. Qc3 Nxe5 17. Rxe5 c5 18. Qe1 Bd7 19. c3 cxd4 20. cxd4 Qf4 21. Qe3 Qxe3 22.
fxe3 Rxf1+ 23. Kxf1 Rc1+ 24. Kf2 g6 25. e4 dxe4 26.
Bxe4 Rd1 27. d5 Kf7 28. dxe6+ Bxe6 29. Ke2 Rd4 30. Bf3 Kf6 31. Re3 Bc4+ 32. Ke1 Rd6 33. Rc3 Re6+ 34. Kd2 b5 35. b3 Rd6+ 36. Ke3 Be6 37.
Be2 a6 38. a4 bxa4 39. bxa4 a5 40. Rc5 Rd5 41. Rc6 Ke5 42. Bc4 Rd6 43. Rc5+ Kf6 44.
Bb5 Bf5 45. Bc4 Rb6 46. Rxa5 Rb4 47. Bb5 Re4+ 48. Kf2 Rf4+ 49. Ke3 Rb4 50. Ra6+ Kg5 51.
Be2 Rb3+ 52. Kf2 Rb2 53. Rd6 Rb4 54. a5 Rf4+ 55. Bf3 Rb4 56. a6 Rb2+ 57. Kg3 Ra2 58. h4+ Kh6 59. h5 1-0

[Event "Late-Titled-Tuesday-Blitz-May-28-2024"]
[Site "Chess.com"]
[Date "2024.05.28"]
[Round "1"]
[White "rhwr"]
[Black "WilsonPalencia21"]
[Result "1-0"]
[WhiteElo "2346"]
[BlackElo "2597"]
[TimeControl "180+1"]
[EndTime "14:07:11 PDT"]
[Termination "rhwr won on time"]

1. e4 c5 2. Nf3 d6 3. Nc3 Nf6 4. g3 g6 5. Bg2 Bg7 6. O-O O-O 7.
d3 Nc6 8. Be3 Rb8 9. a4 a6 10.
Qd2 Re8 11. Bh6 Bh8 12. h3 b5 13. axb5 axb5 14. Ng5 Nh5 15. Kh2 b4 16. Nd1 Nd4 17. f4 f5 18. exf5 gxf5 19. c3 bxc3 20. bxc3 Nb3 21.
Bd5+ e6 22. Bxb3 Rxb3 23. Ra7 Re7 24. Qa2 Rxa7 25. Qxb3 d5 26. Nf3 Bf6 27. Bg5 Bxg5 28.
Nxg5 Nf6 29. Re1 Qd6 30. Ne3 h6 31. Nf3 Rb7 32. Qa2 Qb6 33. Re2 Qb3 34. Qa8 Rb8 35. Qc6 Qb5 36. Qd6 Rb6 37. Qd8+ Ne8 38. Nxf5 Bd7 39. Nxh6+ Kg7 40. Qg5+ Kh7 41. Ne5 Rb7 42.
Qg6+ 1-0

[Event "Late-Titled-Tuesday-Blitz-May-28-2024"]
[Site "Chess.com"]
[Date "2024.05.28"]
[Round "1"]
[White "Shankland"]
[Black "TokChess"]
[Result "1/2-1/2"]
[WhiteElo "2995"]
[BlackElo "2528"]
[TimeControl "180+1"]
[EndTime "14:07:12 PDT"]
[Termination "Game drawn by repetition"]

1. e4 e5 2. Nf3 Nc6 3. Bc4 Bc5 4. c3 Nf6 5. d4 exd4 6. cxd4 Bb4+ 7. Bd2 Bxd2+ 8.
Nbxd2 d5 9. exd5 Nxd5 10. O-O O-O 11. Rc1 Nb6 12. Bb3 Nxd4 13. Nxd4 Qxd4 14. Rxc7 Nd5 15. Rc4 Qxb2 16. Ne4 Nf6 17. Nd6 Be6 18. Rd4 Bxb3 19.
axb3 Rad8 20. Re1 Rd7 21. Re2 Qa3 22. Red2 Rxd6 23. Rxd6 Ne4 24. g3 Nxd2 25. Rxd2 Qc5 26. Rd7 Qc6 27. h4 h6 28. h5 a6 29. Rd6 Qe4 30. Rd4 Qc6 31. Rd6 Qb5 32. Rd5 Qc6 33. Kh2 Re8 34. Qd3 Qe6 35. Rd7 Qe2 36.
Qxe2 Rxe2 37. Kg2 Re5 38. Rxb7 Rxh5 39. Rb6 a5 40. b4 axb4 41. Rxb4 Re5 42. g4 g6 43. f3 Kg7 44. Kg3 h5 45. gxh5 Rxh5 46. Ra4 Rf5 47. Rb4 g5 48. Ra4 Kg6 49. Rb4 f6 50. Ra4 Re5 51. f4 gxf4+ 52. Kxf4 Rf5+ 53.
Kg4 Rg5+ 54. Kf4 Rf5+ 55. Kg4 Rg5+ 56. Kf4 Rf5+ 1/2-1/2

[Event "Late-Titled-Tuesday-Blitz-May-28-2024"]
[Site "Chess.com"]
[Date "2024.05.28"]
[Round "1"]
[White "PhileKhoob"]
[Black "ELPRIMO0O0"]
[Result "0-1"]
[WhiteElo "2305"]
[BlackElo "2605"]
[TimeControl "180+1"]
[EndTime "14:07:12 PDT"]
[Termination "ELPRIMO0O0 won by checkmate"]

1. Nf3 c5 2. c4 g6 3. d4 cxd4 4. Nxd4 Bg7 5. e4 Nc6 6. Be3 Qb6 7.
Nb5 Qa5+ 8. N1c3 a6 9. Nd4 Nf6 10. f3 O-O 11. Be2 d6 12. O-O Qb6 13. Na4 Qc7 14. Rc1 Bd7 15. Nc3 Qa5 16. Kh1 Rac8 17.
b3 Rfd8 18. Nd5 Nxd5 19. exd5 Nxd4 20. Bxd4 Bxd4 21. Qxd4 Qxa2 22. Qe3 Re8 23. Ra1 Qb2 24. Rfb1 Qf6 25. Qb6 Rb8 26. b4 Bf5 27. Re1 Rec8 28. Rac1 Qb2 29. Bf1 Kf8 30. c5 dxc5 31. Rxc5 Rxc5 32.
Qxc5 Qf6 33. Qc7 Qd6 34. Qc3 f6 35. g4 Rc8 36. Qd4 Bd7 37. g5 Rc2 38. gxf6 Qxh2# 0-1

[Event "Late-Titled-Tuesday-Blitz-May-28-2024"]
[Site "Chess.com"]
[Date "2024.05.28"]
[Round "1"]
[White "RantomOpening"]
[Black "manuelsobrinho"]
[Result "1-0"]
[WhiteElo "2576"]
[BlackElo "2236"]
[TimeControl "180+1"]
[EndTime "14:07:12 PDT"]
[Termination "RantomOpening won by resignation"]

1. Nc3 Nf6 2. d4 d5 3. Bf4 c6 4. e3 Bf5 5. Bd3 Bxd3 6. Qxd3 Nbd7 7. h3 g6 8. Nge2 Bg7 9. O-O O-O 10. b4 a6 11. a4 Nb6 12. b5 cxb5 13. axb5 a5 14. Be5 Qd7 15. Nf4 Rfc8 16. Na4 Nxa4 17. Rxa4 Bf8 18. Rfa1 Ne8 19. Ne2 b6 20. c4 e6 21.
cxd5 Qxd5 22. Nc3 Qb7 23. Ne4 Be7 24. f3 f6 25. Bf4 Kf7 26. h4 Qd7 27. h5 Nd6 28.
Nxd6+ Bxd6 29. hxg6+ hxg6 30. Bxd6 Qxd6 31. Rc4 Rxc4 32.
Qxc4 Qd7 33. Rc1 Ke7 34. e4 Kd8 35. d5 exd5 36. Qd4 Qd6 37. Rc6 Qb4 38. Qxf6+ Kd7 39.
Qe6+ Kd8 40. Rd6+ Kc7 41. Qd7+ 1-0

[Event "Late-Titled-Tuesday-Blitz-May-28-2024"]
[Site "Chess.com"]
[Date "2024.05.28"]
[Round "1"]
[White "Kirill_Klukin"]
[Black "Real_taiatai"]
[Result "1-0"]
[WhiteElo "2893"]
[BlackElo "2486"]
[TimeControl "180+1"]
[EndTime "14:07:13 PDT"]
[Termination "Kirill_Klukin won by checkmate"]

1. d4 d5 2. c4 e6 3. Nf3 c6 4.
Nc3 Nd7 5. e3 f5 6. Qc2 g6 7. g3 Ngf6 8. Bg2 Bd6 9. O-O O-O 10. b3 Ne4 11. Bb2 b6 12. Ne2 Bb7 13.
Rac1 a5 14. Nf4 Qe7 15. Nd3 a4 16. c5 bxc5 17. Nxc5 Ndxc5 18. dxc5 Bxc5 19. Ne5 axb3 20. axb3 Rfc8 21. Bxe4 Bd6 22. Bg2 c5 23. Qc3 Qg7 24. Nd3 Qxc3 25. Bxc3 Ra3 26. b4 Ba6 27. Nxc5 Bxf1 28.
Bxf1 Bxc5 29. Bd4 e5 30. Bxc5 Kf7 31. Rd1 Ke6 32. h4 h6 33. Bh3 g5 34. hxg5 hxg5 35. e4 dxe4 36. Rd6+ Kf7 37. Bxf5 e3 38.
Bxe3 Rb3 39. Bxc8 Rxb4 40. Bxg5 e4 41. Be3 Rb1+ 42. Kg2 Ke7 43. Re6+ Kf7 44. Rxe4 Rb8 45. Be6+ Kf6 46. Bd4+ Ke7 47. Bg4+ Kd6 48. Be5+ Kd5 49. Bxb8 Kxe4 50. f4 Ke3 51. Bf3 Kd4 52. g4 Ke3 53. Be5 Kd2 54. Kf2 Kd3 55. f5 Kc4 56. f6 Kc5 57. f7 Kc4 58. f8=Q Kd3 59. Qd6+ Kc2 60. Be4+ Kb3 61. Qb6+ Ka4 62. Bc2+ Ka3 63. Qb2# 1-0

[Event "Late-Titled-Tuesday-Blitz-May-28-2024"]
[Site "Chess.com"]
[Date "2024.05.28"]
[Round "1"]
[White "GMG"]
[Black "Romadk"]
[Result "1-0"]
[WhiteElo "2821"]
[BlackElo "2458"]
[TimeControl "180+1"]
[EndTime "14:07:17 PDT"]
[Termination "GMG won by checkmate"]

1. Nf3 d5 2. g3 Nd7 3. d4 Nb6 4. a4 a5 5. Nc3 Nf6 6. Bg2 Bf5 7. Nh4 Bg4 8. h3 Bh5 9. g4 Bg6 10. Nxg6 hxg6 11. g5 Ng8 12. e4 e6 13. exd5 Nxd5 14. Nxd5 exd5 15. Qe2+ Ne7 16. Qb5+ c6 17. Qxb7 Rb8 18.
Qa6 Qc7 19. O-O Nf5 20. Bd2 Bb4 21. Rfe1+ Ne7 22. c3 Bd6 23. b4 axb4 24. cxb4 Bxb4 25. Bxb4 Rxb4 26. Qe2 Kf8 27. Ra3 Rh4 28. Re3 Rb7 29.
a5 Rxd4 30. a6 Ra7 31. Qb2 Re4 32. Bxe4 dxe4 33. Rxe4 Rxa6 34. Rxe7 Qxe7 35. Qb8+ Qe8 36. Qxe8# 1-0

[Event "Late-Titled-Tuesday-Blitz-May-28-2024"]
[Site "Chess.com"]
[Date "2024.05.28"]
[Round "1"]
[White "glucolisis04"]
[Black "Nathan_Filgueiras"]
[Result "1-0"]
[WhiteElo "2270"]
[BlackElo "2567"]
[TimeControl "180+1"]
[EndTime "14:07:17 PDT"]
[Termination "glucolisis04 won by checkmate"]

1. d4 d5 2. c4 e6 3. Nc3 Nf6 4.
cxd5 exd5 5. Bg5 Be7 6. e3 c6 7. Bd3 O-O 8. Qc2 Nbd7 9. Nf3 Re8 10. O-O Nf8 11. Rab1 Ne4 12. Bf4 f5 13. b4 a6 14.
a4 g5 15. Bg3 h5 16. Bxe4 fxe4 17. Nd2 Ng6 18. f3 Bd6 19. fxe4 Bxg3 20. hxg3 Kg7 21. e5 Be6 22. Rf6 Nh8 23. Rbf1 Qe7 24. Nf3 g4 25. Ng5 Bg8 26. Qf2 Rf8 27. Qf4 Rae8 28.
Ne6+ Bxe6 29. Qg5+ Ng6 30. Rxg6+ Kh8 31. Rh6+ Qh7 32.
Rxh7+ Kxh7 33. Qxh5+ Kg7 34. Qg5+ Kh7 35. Rf6 Rxf6 36.
exf6 Rg8 37. Qh5# 1-0

[Event "Late-Titled-Tuesday-Blitz-May-28-2024"]
[Site "Chess.com"]
[Date "2024.05.28"]
[Round "1"]
[White "bazar-wokzal"]
[Black "remyrushbrooke"]
[Result "1-0"]
[WhiteElo "2595"]
[BlackElo "2277"]
[TimeControl "180+1"]
[EndTime "14:07:18 PDT"]
[Termination "bazar-wokzal won on time"]

1. e4 g6 2. Nc3 Bg7 3. h4 c5 4. h5 Nc6 5. d3 gxh5 6. Nge2 d6 7. Nf4 Nf6 8. Nxh5 Nxh5 9. Qxh5 Nd4 10. Kd1 Be6 11. f4 Qa5 12. f5 Bd7 13. Bd2 b5 14. Nd5 Qa4 15. b3 Qa3 16. Nc7+ Kd8 17. Nxa8 Nxb3 18. axb3 Qxa1+ 19. Ke2 Bc6 20. Qxf7 Bd4 21.
Rxh7 Re8 22. b4 Bxa8 23. bxc5 dxc5 24. g4 Qb1 25. Qb3 Qxb3 26. cxb3 b4 27. g5 a5 28. Bh3 Rg8 29. f6 exf6 30. Rd7+ Ke8 31. Ra7 Bc6 32. Be6 1-0

[Event "Late-Titled-Tuesday-Blitz-May-28-2024"]
[Site "Chess.com"]
[Date "2024.05.28"]
[Round "1"]
[White "gxbg2000"]
[Black "SHIVACalypso"]
[Result "0-1"]
[WhiteElo "1992"]
[BlackElo "2545"]
[TimeControl "180+1"]
[EndTime "14:07:18 PDT"]
[Termination "SHIVACalypso won by resignation"]

1. e4 b6 2. d4 Bb7 3. Bd3 g6 4. Ne2 Bg7 5. O-O c5 6. c3 e6 7. f4 d5 8. Nd2 dxe4 9. Bxe4 Bxe4 10. Nxe4 cxd4 11. Nxd4 Ne7 12. Be3 O-O 13. Qf3 Nbc6 14. Nxc6 Nxc6 15. Nf6+ Qxf6 16. Qxc6 Qe7 17. Rad1 Rfd8 18.
Rfe1 Rac8 19. Qf3 Qc7 20. Rxd8+ Rxd8 21. Rd1 Bf6 22. Kf2 Rxd1 23. Qxd1 Qc4 24. a3 Kg7 25.
g3 h5 26. h4 Qe4 27. Qf3 Qc2+ 28. Qe2 Qb1 29. Kg2 Qe4+ 30. Qf3 Qb1 31. Qe2 e5 32.
fxe5 Bxe5 33. Bh6+ Kxh6 34. Qxe5 Qxb2+ 35. Kh3 Kh7 36. Qf6 Qb3 37. Kh2 Qa2+ 38. Kg1 Qb1+ 39. Kh2 Qa2+ 40. Kg1 Qe6 41. Qf4 Kg7 42. Qd4+ Qf6 43. Qd7 Qxc3 44. Qxa7 Qxg3+ 45. Kf1 Qf3+ 46. Kg1 Qe3+ 47.
Kg2 Qc5 48. a4 Qa5 49. Qd7 Qc5 50. Kg3 Qe5+ 51. Kg2 Qe2+ 52. Kg1 Qg4+ 53. Qxg4 hxg4 54. Kg2 Kh6 55. Kg3 Kh5 0-1

[Event "Late-Titled-Tuesday-Blitz-May-28-2024"]
[Site "Chess.com"]
[Date "2024.05.28"]
[Round "1"]
[White "Denmark2015"]
[Black "mostafa_sakha"]
[Result "0-1"]
[WhiteElo "2598"]
[BlackElo "2346"]
[TimeControl "180+1"]
[EndTime "14:07:21 PDT"]
[Termination "mostafa_sakha won on time"]

1. d4 Nf6 2. c4 e6 3. Nc3 Bb4 4. e3 O-O 5. Ne2 d5 6. a3 Be7 7. Ng3 c5 8. dxc5 dxc4 9. Qc2 Bxc5 10. Bxc4 b6 11. O-O Bb7 12. b4 Be7 13. Bb2 Nbd7 14. Rac1 Rc8 15. Qe2 Ne5 16. Rfd1 Bd6 17. Ba2 Qe7 18.
h3 Rfd8 19. Rd2 Ng6 20. Rcd1 Bxg3 21. fxg3 h6 22. g4 Ne4 23. Nxe4 Bxe4 24. Qb5 Bd5 25. Bb1 Qg5 26. Qe2 Ne5 27. Bxe5 Qxe5 28. e4 Rc3 29. exd5 Re3 30. Qf2 exd5 31. Qf5 Re1+ 32. Rxe1 Qxe1+ 33. Kh2 Qxd2 34. Qh7+ Kf8 35. Qh8+ Ke7 36. Qxg7 Qf4+ 37.
Kh1 Qc1+ 38. Kh2 Qxb1 39. Qe5+ Kf8 40. Qh8+ Ke7 41. Qe5+ Kd7 42. Qxd5+ Kc7 43. Qe5+ Rd6 44. Qe7+ Rd7 45. Qe5+ Kb7 46. b5 Qd3 47. Qe8 Qd6+ 48. Kg1 Qe6 0-1

[Event "Late-Titled-Tuesday-Blitz-May-28-2024"]
[Site "Chess.com"]
[Date "2024.05.28"]
[Round "1"]
[White "HajiyevKanan"]
[Black "K_A_S_T_O_R"]
[Result "1/2-1/2"]
[WhiteElo "2480"]
[BlackElo "2845"]
[TimeControl "180+1"]
[EndTime "14:07:22 PDT"]
[Termination "Game drawn - insufficient material"]

1. d4 Nf6 2. Nf3 e6 3. c4 c5 4. e3 a6 5. Nc3 d5 6. cxd5 exd5 7. dxc5 Bxc5 8. Be2 O-O 9. O-O Nc6 10. a3 Re8 11. b4 Ba7 12. Bb2 Bg4 13. h3 Bh5 14. Nd4 Bxd4 15. Bxh5 Be5 16. Bf3 Qd6 17. Na4 Rad8 18.
Ra2 Bxb2 19. Rxb2 Ne5 20. Nc5 Qe7 21. Rd2 Nc4 22. Rd4 Nxa3 23. Bxd5 Nb5 24. Nxb7 Rxd5 25. Rxd5 Nc3 26. Qd3 Ncxd5 27. Qxa6 Nxb4 28. Qb6 Rb8 29. Rc1 g6 30. Rc7 Nfd5 31. Rxe7 Nxb6 32. Nd6 N4d5 33. Rxf7 Rd8 34. Nb7 Kxf7 35. Nxd8+ Kf6 36. Nc6 Nc4 37.
Nd4 Nd6 38. g3 Nf5 39. Ne2 Nd6 40. Kg2 Ne4 41. Nd4 Ndc3 42. Nf3 g5 43. Nd4 Nd2 44. f3 Nd1 45. e4 Ke5 46. Nc6+ Kf6 47. Nd4 Nc3 48. Kf2 Nc4 49. Nc6 Ne5 50. Nd4 Na4 51. Ke2 Nc5 52. Kf2 Ng6 53. Ke3 h5 54. Nf5 h4 55. gxh4 Nxh4 56. Nxh4 gxh4 57. Kf4 Nd3+ 58. Kg4 Ne5+ 59. Kxh4 Nxf3+ 60. Kg3 Ng5 61. e5+ Kxe5 62. h4 Kf5 63. hxg5 Kxg5 1/2-1/2

[Event "Late-Titled-Tuesday-Blitz-May-28-2024"]
[Site "Chess.com"]
[Date "2024.05.28"]
[Round "1"]
[White "ManMish2"]
[Black "KanalSzachowy"]
[Result "1-0"]
[WhiteElo "2670"]
[BlackElo "2381"]
[TimeControl "180+1"]
[EndTime "14:07:22 PDT"]
[Termination "ManMish2 won by resignation"]

1. e4 c5 2. c3 Nf6 3. e5 Nd5 4. d4 cxd4 5. Nf3 Nc6 6. Bc4 Nb6 7. Bb3 d6 8. exd6 Qxd6 9. Nxd4 Nxd4 10. cxd4 Be6 11.
O-O Bxb3 12. Qxb3 e6 13. Nc3 Be7 14. Nb5 Qd7 15. Nxa7 O-O 16. Qxb6 Bd8 17. Qb5 Qc7 18. Qc5 Qxc5 19. dxc5 Rxa7 20. Be3 Ra6 21. Bd4 Be7 22. b4 Rfa8 23. Rfc1 Rxa2 24. Rxa2 Rxa2 25. b5 Ra8 26. c6 bxc6 27. bxc6 Rc8 28. f4 Bd6 29. g3 Kf8 30. Kf2 Ke7 31. Bxg7 f6 32. Bh6 Kf7 33. f5 exf5 34.
Kf3 Kg6 35. Bf4 Bc7 36. Bxc7 Rxc7 37. Kf4 h6 38. Rc2 Rc8 39. c7 h5 40. h4 Kf7 41.
Kxf5 Ke7 42. Kg6 Kd7 43. Kxh5 Ke6 44. Kg4 Rg8+ 45. Kf4 Rc8 46. h5 Kf7 47. Kf5 Kg7 48. g4 Kf7 49. h6 Ke7 50. h7 Kd7 51. Kxf6 Rf8+ 52. Kg7 1-0

[Event "Late-Titled-Tuesday-Blitz-May-28-2024"]
[Site "Chess.com"]
[Date "2024.05.28"]
[Round "1"]
[White "ViktoriyaTarasova"]
[Black "nabukatnezarr"]
[Result "1-0"]
[WhiteElo "2398"]
[BlackElo "2655"]
[TimeControl "180+1"]
[EndTime "14:07:23 PDT"]
[Termination "ViktoriyaTarasova won on time"]

1. d4 Nf6 2. c4 e6 3. Nc3 Bb4 4. e3 O-O 5. Bd3 Bxc3+ 6. bxc3 d6 7. Ne2 e5 8. Ng3 c5 9. d5 Ne8 10. e4 g6 11. Bh6 Ng7 12. O-O b6 13. f4 exf4 14.
Bxf4 Qe7 15. Qd2 Nd7 16. Rae1 Ne5 17. Be2 Ba6 18. Bxe5 Qxe5 19. Bd3 Rae8 20. Rf3 Re7 21. Ref1 Rfe8 22. h4 h5 23. Be2 Rc7 24. Qh6 Rf8 25.
Kh2 Qe7 26. Rf6 Qd8 27. Bxh5 gxh5 28. Nxh5 Nxh5 29. Qxh5 Re8 30. Rxf7 Rxf7 31. Rxf7 Qxh4+ 32. Qxh4 Kxf7 33. Qh7+ Kf8 34. Qxa7 Bxc4 35. Qxb6 Rxe4 36.
Qxd6+ Kf7 37. Qxc5 Bxa2 38. d6 Be6 39. Qc7+ Kf6 40.
d7 Rh4+ 41. Kg1 1-0